 Dungeon Crawl Stone Soup version 0.19.3-1-g3169bf9 (webtiles) character file.

194 Lahna the Cutter (level 6, 0/43 HPs)
             Began as a Halfling Fighter on Jan 24, 2017.
             Slain by Duvessa
             ... wielding a +5 rapier of speed
              (4 damage)
             ... on level 4 of the Dungeon.
             The game lasted 00:04:22 (1922 turns).

Lahna the Cutter (Halfling Fighter)                 Turns: 1922, Time: 00:04:23

Health: 0/43       AC:  6    Str: 22    XL:     6   Next: 3%
Magic:  6/6        EV:  9    Int:  6    God:
Gold:   105        SH: 10    Dex: 16    Spells: 0 memorised, 5 levels left

rFire  . . .     SeeInvis .     l - +2 dagger (holy)
rCold  . . .     Gourm    .     b - +0 scale mail
rNeg   . . .     Faith    .     c - +0 shield
rPois  .         Spirit   .     (no helmet)
rElec  .         Reflect  .     (no cloak)
rCorr  .         Harm     .     (no gloves)
MR     .....                    (no boots)
Stlth  ..........               (no amulet)
                                (no ring)
                                (no ring)

@: mighty
A: mutation resistance 1
a: no special abilities


You were on level 4 of the Dungeon.
You were not hungry.

You visited 1 branch of the dungeon, and saw 4 of its levels.

You collected 105 gold pieces.

Inventory:

Hand Weapons
 a - a +0 rapier
 l - a +2 dagger of holy wrath (weapon)
Armour
 b - a +0 scale mail (worn)
 c - a +0 shield (worn)
Jewellery
 e - an uncursed ring of ice
 s - an uncursed ring of protection from magic {unknown}
Scrolls
 i - 3 scrolls of noise {unknown}
 k - a scroll of blinking {unknown}
 n - 4 scrolls of remove curse {unknown}
 q - 2 scrolls of teleportation {unknown}
 r - 3 scrolls of identify {unknown}
 t - a scroll of enchant weapon {unknown}
 u - a scroll of magic mapping {unknown}
Potions
 j - a potion of cure mutation {unknown}
 o - a potion of lignification {unknown}
 p - 2 potions of curing {unknown}
 v - a potion of agility {unknown}
Comestibles
 f - a bread ration
 g - 4 chunks of flesh
 h - 3 meat rations


   Skills:
 - Level 4.0 Fighting
 + Level 5.7 Short Blades
 - Level 3.2 Armour
 - Level 3.2 Shields


You had 5 spell levels left.
You didn't know any spells.

Dungeon Overview and Level Annotations

Branches:
Dungeon (4/15)
 Temple: D:4-7

Altars:

Annotations:
D:4 Dowan, Duvessa


Innate Abilities, Weirdness & Mutations

You are small and have problems with some larger weapons.
You are somewhat resistant to further mutation.


Message History

You hit Duvessa.
Duvessa is severely wounded.
Duvessa hits you but does no damage.
Dowan gestures wildly while chanting.
Dowan blinks!
You feel much better.
Duvessa hits you with a rapier of speed!
* * * LOW HITPOINT WARNING * * *
You block Duvessa's attack.
Okay, then.
Duvessa hits you with a rapier of speed.
* * * LOW HITPOINT WARNING * * *
A jackal comes into view.
You see here 9 gold pieces.
You block Duvessa's attack. You block Duvessa's attack.
Dowan casts a spell.
Dowan blinks!
Duvessa hits you with a rapier of speed.
You die...

░░░ ░ $.░ ░░░░.░ ░░
░.░ ░ ░....░
░...░░░░.░░h░
░.░░░░ ░.........░
░.░
░...░░░░§░░░░░░░░.░
░░ ░....e@....░
░░░░░░░░░..░ ░..░
░..░ ░..░ ..░
░░░░..░ ░.░ ░.....░
░.░ ░.░░░.░ ░.░ ░.░
░.░


You could see Duvessa.

Vanquished Creatures
  The ghost of Naow the Chopper, a weakling MiBe of Trog (D:3)
  2 gnolls (D:3)
  5 adders
  4 worms
  2 dart slugs (D:2)
  3 leopard geckos (D:2)
  3 orcs (D:3)
  3 giant cockroaches (D:1)
  3 goblins (D:1)
  7 hobgoblins
  7 jackals
  9 bats
  5 frilled lizards
  5 kobolds
  10 rats
69 creatures vanquished.

Notes
Turn   | Place    | Note
-------+----------+-------------------------------------------
     0 | D:1      | Lahna the Halfling Fighter began the quest for the Orb.
     0 | D:1      | Reached XP level 1. HP: 15/15 MP: 1/1
    77 | D:1      | Reached skill level 3 in Short Blades
    91 | D:1      | Reached XP level 2. HP: 20/20 MP: 2/2
   336 | D:1      | Reached XP level 3. HP: 25/25 MP: 3/3
   348 | D:1      | Reached skill level 4 in Short Blades
   597 | D:2      | Reached XP level 4. HP: 20/30 MP: 4/4
   660 | D:2      | Reached skill level 5 in Short Blades
   996 | D:3      | Found a faded altar of an unknown god.
  1259 | D:3      | Reached XP level 5. HP: 26/36 MP: 5/5
  1417 | D:3      | Noticed Naow's ghost (weakling MiBe)
  1431 | D:3      | Killed Naow's ghost
  1809 | D:4      | Reached XP level 6. HP: 40/43 MP: 6/6
  1899 | D:4      | Noticed Dowan
  1900 | D:4      | Noticed Duvessa
  1922 | D:4      | Slain by Duvessa

Skill      XL: |  1  2  3  4  5 |
---------------+----------------+-----
Short Blades   | 3 4 5 |  5.7
Fighting       | 3 4 |  4.0
Armour         | |  3.2
Shields        | |  3.2

Action                   |  1- 3 |  4- 6 || total
-------------------------+-------+-------++-------
Melee: Rapier            |    60 |       ||    60
       Dagger            |    61 |   176 ||   237
  Use: Potion            |       |     3 ||     3
  Eat: Chunk             |       |     4 ||     4
Armor: Scale mail        |    63 |    42 ||   105
Dodge: Dodged            |    47 |    27 ||    74
Block: Shield            |    74 |    54 ||   128
